[Event "Late-Titled-Tuesday-Blitz-April-30-2024"]
[Site "Chess.com"]
[Date "2024.04.30"]
[Round "9"]
[White "sillypiggy2024"]
[Black "th3d4rkness"]
[Result "0-1"]
[WhiteElo "1730"]
[BlackElo "2150"]
[TimeControl "180+1"]
[EndTime "15:44:08 PDT"]
[Termination "th3d4rkness won on time"]

1. d4 Nf6 2. c4 g6 3. g3 Bg7 4.
Bg2 O-O 5. Nc3 d6 6. Nf3 Nc6 7.
O-O Bf5 8. Nh4 Bd7 9. e4 e5 10. d5 Nd4 11. Nf3 Bg4 12. Be3 Bxf3 13. Bxf3 Nd7 14.
Nb5 Nxf3+ 15. Qxf3 f5 16. exf5 Rxf5 17. Qe2 a6 18. Nc3 Qf8 19. f4 exf4 20. Bxf4 Re8 21. Qd3 Nc5 22. Qd2 Bxc3 23. Qxc3 Qg7 24. Qxg7+ Kxg7 25. Rae1 Rxe1 26. Rxe1 g5 27. Be3 Nd3 28. Bd4+ Ne5 29. Kg2 Kg6 30. b3 g4 31. Bxe5 Rxe5 32. Rxe5 dxe5 33. Kf2 Kf5 34. Ke3 h5 35. a3 b6 36. b4 a5 37. bxa5 bxa5 38. a4 e4 39.
Kd4 e3 40. Kxe3 Ke5 0-1

[Event "Late-Titled-Tuesday-Blitz-April-30-2024"]
[Site "Chess.com"]
[Date "2024.04.30"]
[Round "9"]
[White "Adar_07"]
[Black "rezamahdavi2008"]
[Result "0-1"]
[WhiteElo "2727"]
[BlackElo "2920"]
[TimeControl "180+1"]
[EndTime "15:44:09 PDT"]
[Termination "rezamahdavi2008 won by resignation"]

1. Nf3 Nf6 2. g3 b6 3. Bg2 Bb7 4. O-O g6 5. b3 Bg7 6. Bb2 O-O 7. d3 d5 8. Nbd2 c5 9. Re1 Nc6 10. e4 d4 11. a3 e5 12. b4 Nd7 13. Nc4 Qe7 14. b5 Nd8 15. a4 Ne6 16. a5 Nc7 17. Na3 h6 18. Nd2 Rab8 19. Rb1 Nf6 20. axb6 axb6 21. Nac4 Nd7 22. Ba3 Ra8 23. Qc1 Ra4 24.
Nb3 Ne6 25. Ra1 Rfa8 26. Rf1 Nc7 27. Qb2 R8a7 28. f4 Nxb5 29. Nxc5 bxc5 30. Qxb5 Kh7 31. fxe5 Qe6 32. Bb2 Bc6 33. Rxa4 Bxb5 34. Rxa7 Bxc4 35. dxc4 Nxe5 36. Ba3 Qb6 37. Ra4 h5 38. h3 Bh6 39.
Kh2 Kg7 40. h4 Ng4+ 41. Kh3 Ne3 42. Rf2 Qe6+ 43. Kh2 Ng4+ 44. Kg1 Be3 0-1

[Event "Late-Titled-Tuesday-Blitz-April-30-2024"]
[Site "Chess.com"]
[Date "2024.04.30"]
[Round "9"]
[White "Big_Finky"]
[Black "Synctel"]
[Result "0-1"]
[WhiteElo "2235"]
[BlackElo "2044"]
[TimeControl "180+1"]
[EndTime "15:44:10 PDT"]
[Termination "Synctel won on time"]

1. d4 Nf6 2. c4 e6 3. g3 Bb4+ 4.
Bd2 Qe7 5. Bg2 Nc6 6. Nf3 Bxd2+ 7. Qxd2 Ne4 8. Qc2 Qb4+ 9. Nc3 Nxc3 10. Qxc3 Qxc3+ 11. bxc3 b6 12. Nd2 Bb7 13. Nb3 f5 14. c5 Na5 15. O-O Bxg2 16. Kxg2 Nc4 17. a4 O-O 18. a5 b5 19. a6 f4 20. Na5 Nxa5 21. Rxa5 c6 22. e4 fxe3 23. fxe3 Rxf1 24. Kxf1 Rf8+ 25. Ke2 g5 26. Ra1 g4 27. Rf1 Rxf1 28. Kxf1 Kf7 29. e4 Kf6 30. Ke2 e5 31. d5 Ke7 32.
Kd3 d6 33. cxd6+ Kxd6 34. c4 b4 35. dxc6 Kxc6 36. Kc2 Kb6 37. Kb3 Kc5 38. Kc2 Kxc4 39. Kb2 b3 0-1

[Event "Late-Titled-Tuesday-Blitz-April-30-2024"]
[Site "Chess.com"]
[Date "2024.04.30"]
[Round "9"]
[White "Attacker_2006"]
[Black "LeninGuerra"]
[Result "0-1"]
[WhiteElo "2520"]
[BlackElo "2669"]
[TimeControl "180+1"]
[EndTime "15:44:11 PDT"]
[Termination "LeninGuerra won by checkmate"]

1. e4 c5 2. Nf3 e6 3. c3 b6 4. d4 cxd4 5. cxd4 d6 6. Nc3 Bb7 7.
Bd3 Nd7 8. O-O e5 9. Re1 Ngf6 10. Bg5 Be7 11. Rc1 a6 12. Qb3 O-O 13. Red1 Rc8 14. dxe5 dxe5 15. Bxf6 Bxf6 16. Nd5 Nc5 17. Qxb6 Bxd5 18.
Qxd8 Rfxd8 19. exd5 Nxd3 20. Rxc8 Rxc8 21. h3 e4 22. Nd2 Nxb2 23. Re1 h6 24. Nxe4 Rd8 25. d6 Nc4 26. Nxf6+ gxf6 27. Rc1 Nxd6 28. Rc6 a5 29. Ra6 Nc4 30. Rc6 Rd4 31. Rxf6 Kg7 32. Rf5 a4 33. g4 Nd6 34. Ra5 Ne4 35. Kg2 Nc3 36. a3 Nb1 37. Kg3 Nxa3 38. f4 Nc2 39. g5 h5 40. f5 h4+ 41. Kf3 a3 42. Ra7 Kf8 43. Ra8+ Ke7 44. Ra7+ Rd7 45. Ra6 Rd3+ 46.
Ke4 Rxh3 47. Ke5 Re3+ 48. Kf4 h3 49. Ra7+ Kf8 50. g6 fxg6 51. fxg6 h2 52. Rh7 a2 53. Rxh2 a1=Q 54. Rxc2 Qe5+ 55. Kg4 Rg3+ 56. Kh4 Qg5# 0-1

[Event "Late-Titled-Tuesday-Blitz-April-30-2024"]
[Site "Chess.com"]
[Date "2024.04.30"]
[Round "9"]
[White "ImportedItalianMaple"]
[Black "Naoki"]
[Result "1-0"]
[WhiteElo "2469"]
[BlackElo "2591"]
[TimeControl "180+1"]
[EndTime "15:44:15 PDT"]
[Termination "ImportedItalianMaple won by checkmate"]

1. e4 e5 2. Nc3 Nc6 3. Bc4 Nf6 4. d3 Na5 5. Nf3 Nxc4 6. dxc4 d6 7. Qe2 Be7 8. Be3 Be6 9. O-O-O Nd7 10. Nd5 O-O 11. h4 c6 12. Nxe7+ Qxe7 13. h5 f5 14.
exf5 Bxf5 15. Qd2 e4 16. Nh4 Ne5 17. b3 Rad8 18. Bg5 Qe6 19. Bxd8 Rxd8 20. Qg5 Rf8 21. Nxf5 Rxf5 22. Qd8+ Rf8 23. Qxd6 Qf5 24. h6 g6 25. Qc7 Nf7 26. f3 Qf6 27. Kb1 e3 28. Rhe1 Re8 29. Qxb7 Nxh6 30. Qxa7 Nf5 31. g4 e2 32. Rd2 Ng3 33. Qc7 Qxf3 34. Qd7 Rf8 35. Qe6+ Rf7 36. Rd3 Qf2 37. Qe8+ Kg7 38. Qe5+ Kh6 39. Qxg3 Qxg3 40. Rxg3 Rf1 41. Rg1 Rf2 42.
Kc1 Kg5 43. Kd2 h5 44. gxh5+ Kxh5 45. Rxe2 Rf6 46. Rh2# 1-0

[Event "Late-Titled-Tuesday-Blitz-April-30-2024"]
[Site "Chess.com"]
[Date "2024.04.30"]
[Round "9"]
[White "Agustin_Meza"]
[Black "Good_Knight_Kiss"]
[Result "1-0"]
[WhiteElo "2163"]
[BlackElo "2323"]
[TimeControl "180+1"]
[EndTime "15:44:16 PDT"]
[Termination "Agustin_Meza won on time"]

1. e4 c5 2. Nf3 d6 3. d4 cxd4 4. Nxd4 Nf6 5. Nc3 a6 6. a4 e6 7. Bc4 Be7 8. Be3 O-O 9. O-O Nc6 10. h3 Nxd4 11. Bxd4 e5 12. Be3 Be6 13. Bd5 Nxd5 14. Nxd5 Bxd5 15. Qxd5 Qc7 16. c3 Rac8 17. Rad1 Qc6 18.
a5 Qxd5 19. Rxd5 Rc4 20. f3 Rfc8 21. Rfd1 Ra4 22. Kf2 f6 23. Ke2 Ra2 24. R1d2 Kf7 25. Bb6 Ke6 26. b4 Ra3 27. b5 Raxc3 28. bxa6 bxa6 29. R5d3 g6 30. Be3 Rxd3 31. Kxd3 Bd8 32. Bb6 Bxb6 33. axb6 Rb8 34. Rb2 Kd7 35. Kc4 Kc6 36.
b7 Rxb7 37. Ra2 Ra7 38. Ra5 f5 39. h4 Kb6 40. Ra2 a5 41. Kd5 fxe4 42. fxe4 Kb5 43.
Rb2+ Ka4 44. Kxd6 Ka3 45. Rb5 a4 46. Kxe5 Ka2 47. Kf6 a3 48. e5 Rc7 49. e6 Rc2 50. e7 1-0

[Event "Late-Titled-Tuesday-Blitz-April-30-2024"]
[Site "Chess.com"]
[Date "2024.04.30"]
[Round "9"]
[White "Mikhal867"]
[Black "Andrii_Prydun"]
[Result "0-1"]
[WhiteElo "2519"]
[BlackElo "2389"]
[TimeControl "180+1"]
[EndTime "15:44:17 PDT"]
[Termination "Andrii_Prydun won on time"]

1. d4 Nf6 2. c4 c6 3. d5 cxd5 4.
cxd5 d6 5. Nc3 g6 6. e4 Bg7 7. h4 h6 8. Bb5+ Nbd7 9. g4 a6 10. Be2 b5 11. h5 b4 12. Na4 Nxe4 13. hxg6 fxg6 14. Qd3 Ndf6 15. f3 Bd7 16. fxe4 Bxa4 17. e5 dxe5 18. Qxg6+ Kf8 19. Rxh6 Rg8 20. Nf3 Qxd5 21.
b3 Be8 22. Qf5 Bf7 23. Nxe5 Nxg4 24. Bxg4 Bxe5 25. Rb1 Rd8 26. Bb2 Bg3+ 27. Kf1 Qd3+ 28. Qxd3 Rxd3 29. Bh5 Bd5 30. Bc1 e5 31. Bg6 Rc3 32. Bb2 Ke7 33. Bxc3 bxc3 34. Rc1 Rc8 35. Rh7+ Kf6 36. Bd3 Bf4 0-1

[Event "Late-Titled-Tuesday-Blitz-April-30-2024"]
[Site "Chess.com"]
[Date "2024.04.30"]
[Round "9"]
[White "luggevoila"]
[Black "kalxandria"]
[Result "0-1"]
[WhiteElo "2324"]
[BlackElo "2242"]
[TimeControl "180+1"]
[EndTime "15:44:17 PDT"]
[Termination "kalxandria won on time"]

1. e4 e6 2. d4 d5 3. Nd2 c5 4.
exd5 Qxd5 5. Ngf3 cxd4 6. Bc4 Qd6 7. O-O Nc6 8. Nb3 Nf6 9. Bg5 Be7 10. Nbxd4 Nxd4 11.
Nxd4 a6 12. Bd3 Bd7 13. Nf3 Qc7 14. Re1 O-O-O 15. Ne5 Be8 16. Bf4 Bd6 17. Bg3 h5 18.
h4 Ng4 19. Qe2 Nxe5 20. Bxe5 Bxe5 21. Qxe5 Qxe5 22. Rxe5 g6 23. Rae1 Bc6 24. g3 Rd6 25.
f4 Rhd8 26. Kf2 Bd5 27. R5e3 Bxa2 28. Ke2 Bd5 29. c4 Bc6 30. b4 Rd4 31. Rc1 Kb8 32.
Rb1 b5 33. cxb5 Bxb5 34. Bxb5 axb5 35. Rb2 Rc4 36. Ra3 Rdd4 37. Rba2 Rxb4 38. Ra8+ Kc7 39. R2a7+ Kc6 40. Rxf7 Kd5 41. Rd8+ Ke4 42. Rxd4+ Rxd4 43. Rf6 Rd6 44. Rxg6 b4 45. Rg8 Rb6 46. Rc8 b3 47.
Rc4+ Kf5 48. Rc1 b2 49. Rb1 Kg4 0-1

[Event "Late-Titled-Tuesday-Blitz-April-30-2024"]
[Site "Chess.com"]
[Date "2024.04.30"]
[Round "9"]
[White "yuki_chess123"]
[Black "cristiano78"]
[Result "0-1"]
[WhiteElo "2117"]
[BlackElo "2279"]
[TimeControl "180+1"]
[EndTime "15:44:19 PDT"]
[Termination "cristiano78 won on time"]

1. Nf3 Nf6 2. d4 g6 3. c4 Bg7 4.
Nc3 d6 5. e4 O-O 6. Be2 e5 7. O-O Nc6 8. d5 Ne7 9. Ne1 Nd7 10. Nd3 f5 11. Bd2 Nf6 12. f3 h5 13.
a4 Rf7 14. Ra3 Bf8 15. c5 f4 16. cxd6 cxd6 17. Nf2 g5 18. Qc2 Rg7 19. Nb5 Ng6 20. Rc3 a6 21. Rc1 Bd7 22. Nc7 Rc8 23. Ne6 Bxe6 24.
Rxc8 Bxc8 25. Qxc8 Qb6 26. Qe6+ Rf7 27. a5 Qxb2 28. Rc7 Ne7 29. Nh3 Qd4+ 30. Kf1 Nxe4 31. fxe4 f3 32. gxf3 Qxd2 33. f4 g4 34. f5 gxh3 35.
Bxh5 Qg2+ 36. Ke1 Qxe4+ 37. Be2 Qb1+ 38. Kd2 Qb2+ 39. Rc2 Qd4+ 40. Bd3 Nxd5 41. Qg6+ Rg7 42. Qe6+ Kh8 43. f6 Rg2+ 0-1

[Event "Late-Titled-Tuesday-Blitz-April-30-2024"]
[Site "Chess.com"]
[Date "2024.04.30"]
[Round "9"]
[White "FMalexhdez"]
[Black "Bala-Afiada"]
[Result "1-0"]
[WhiteElo "2212"]
[BlackElo "2008"]
[TimeControl "180+1"]
[EndTime "15:44:19 PDT"]
[Termination "FMalexhdez won by resignation"]

1. c4 Nf6 2. Nc3 g6 3. g3 Bg7 4. Bg2 O-O 5. e4 d6 6. d4 Nc6 7. Nf3 e5 8. dxe5 Nxe5 9. Nxe5 dxe5 10. O-O Qxd1 11. Rxd1 c6 12. h3 Be6 13. b3 Rfd8 14. Ba3 Bf8 15. Bxf8 Kxf8 16. Kf1 Ke7 17. Ke2 Rxd1 18.
Rxd1 Rd8 19. Rxd8 Kxd8 20. Nd1 Kc7 21. Ne3 b5 22. f4 exf4 23. gxf4 Nh5 24. Kf3 Kd6 25.
Bf1 Kc5 26. f5 Bd7 27. cxb5 cxb5 28. fxg6 hxg6 29. Nd5 Bc6 30. Ne7 Nf6 31. Nxc6 Kxc6 32. Kf4 a6 33. Kg5 Nxe4+ 34. Kh6 Ng3 35. Bg2+ Kc5 36.
Kg7 Kb4 37. Kxf7 g5 38. Bb7 a5 39. Bc6 a4 40. bxa4 bxa4 41. Kg6 a3 42. Kxg5 Ne2 43. h4 Nd4 44. Bd5 Kc3 45. h5 Kb2 46. h6 Nc2 47. h7 Nb4 48. h8=Q+ Kb1 49. Bb3 Nxa2 50.
Bxa2+ Kxa2 51. Qc3 Kb1 52. Qxa3 1-0

[Event "Late-Titled-Tuesday-Blitz-April-30-2024"]
[Site "Chess.com"]
[Date "2024.04.30"]
[Round "9"]
[White "jcmesafischer"]
[Black "MuhittinBuker"]
[Result "0-1"]
[WhiteElo "2309"]
[BlackElo "2194"]
[TimeControl "180+1"]
[EndTime "15:44:20 PDT"]
[Termination "MuhittinBuker won by checkmate"]

1. e4 e5 2. Nf3 Nc6 3. Bb5 a6 4. Ba4 Nf6 5. O-O Be7 6. Re1 b5 7. Bb3 O-O 8. d4 exd4 9. Nxd4 Nxd4 10. Qxd4 c5 11. Qd1 c4 12. e5 Ne8 13. Bxc4 bxc4 14. Qd5 Nc7 15. Qxc4 d5 16. exd6 Bxd6 17. Nc3 Be6 18.
Qa4 Rb8 19. Rd1 Qe7 20. Qc6 Rfd8 21. Be3 Ne8 22. Ne4 Bc7 23. Bc5 Rxd1+ 24. Rxd1 Rd8 25. Re1 Qd7 26. Qxa6 Bd5 27. Ng3 Bxg3 28. hxg3 Nf6 29. a3 Qf5 30. Qa5 Rc8 31. c3 Ng4 32. Bd4 Qh5 33. Qc7 Qh2+ 34. Kf1 Qh1+ 35. Ke2 Qxe1+ 36.
Kxe1 Rxc7 37. f3 Nf6 38. g4 Nd7 39. Kd2 f6 40. Ke3 Kf7 41. g3 Ke6 42. f4 Bb3 43. Kd3 Kd5 44. Bf2 Nc5+ 45. Ke3 Re7+ 46. Kd2 Ne4+ 47. Ke3 Nxf2+ 48. Kxf2 Ke4 49. Ke2 Rd7 50. Ke1 Ke3 51. Kf1 Kf3 52. Ke1 Rd1# 0-1

[Event "Late-Titled-Tuesday-Blitz-April-30-2024"]
[Site "Chess.com"]
[Date "2024.04.30"]
[Round "9"]
[White "MeisterJabo"]
[Black "Russian_berezka"]
[Result "0-1"]
[WhiteElo "2454"]
[BlackElo "2611"]
[TimeControl "180+1"]
[EndTime "15:44:21 PDT"]
[Termination "Russian_berezka won by resignation"]

1. c4 Nf6 2. g3 e6 3. Bg2 d5 4.
Nf3 d4 5. O-O c5 6. d3 Nc6 7. e3 Bd6 8. exd4 cxd4 9. Bg5 h6 10.
Bxf6 Qxf6 11. Nbd2 Qd8 12. a3 a5 13. Ne4 Be7 14. Rc1 O-O 15. c5 e5 16. Re1 Bg4 17.
h3 Be6 18. Qe2 Qd7 19. Kh2 Rfe8 20. Ned2 f6 21. Nh4 f5 22. Nhf3 Bf6 23. Qd1 Bd5 24. Nc4 Bxc4 25. Rxc4 e4 26. dxe4 fxe4 27. Nd2 e3 28.
Ne4 exf2 29. Nxf2 Ne5 30. Rc2 Bg5 31. Rce2 Be3 32. Ne4 Rf8 33. Nd6 Nf3+ 34. Bxf3 Rxf3 35. Qb3+ Kh8 36. Qd5 Raf8 37. b4 Rf2+ 38. Rxf2 Rxf2+ 39.
Kg1 Re2+ 40. Kf1 Rf2+ 41. Kg1 Rf5+ 42. Rxe3 Rxd5 43. Re8+ Kh7 44. Rb8 d3 45. Rxb7 Qxb7 46. Nxb7 d2 47. c6 d1=Q+ 0-1

[Event "Late-Titled-Tuesday-Blitz-April-30-2024"]
[Site "Chess.com"]
[Date "2024.04.30"]
[Round "9"]
[White "AryanTari"]
[Black "bubeliang"]
[Result "0-1"]
[WhiteElo "2984"]
[BlackElo "2822"]
[TimeControl "180+1"]
[EndTime "15:44:22 PDT"]
[Termination "bubeliang won by resignation"]

1. a3 e5 2. c4 c6 3. d4 exd4 4. Qxd4 d5 5. cxd5 cxd5 6. Nc3 Nf6 7. Bg5 Nc6 8. Qd3 d4 9. Ne4 Be7 10. Bxf6 Bxf6 11. Nf3 O-O 12. g3 Re8 13. Bg2 Bf5 14.
Nfd2 Ne5 15. Qb3 Be6 16. Nxf6+ Qxf6 17. Qd1 Nd3+ 18. exd3 Bg4+ 19. Kf1 Bxd1 20. Rxd1 Rac8 21. Bxb7 Rc2 22. Be4 Qg5 23. Nf3 Qf6 24. Kg2 g5 25.
Rhe1 Kg7 26. h3 Rxb2 27. Rb1 Reb8 28. Rbc1 R8b6 29. Rc5 h6 30. Rf5 Qd8 31. Rc1 Rf6 32.
Rd5 Qb6 33. Rc8 Qb3 34. Rdd8 Rxf3 35. Bxf3 Qa2 36. Rg8+ Kf6 37. Rc6+ Ke7 38. Rc7+ Kd6 39. Rc6+ Kd7 40. Rgc8 Rxf2+ 41. Kg1 Rxf3 42. R8c7+ Ke8 43. Rc8+ Ke7 44. Rc2 Qa1+ 45. Kg2 Qf1+ 46. Kh2 Rf2+ 0-1

[Event "Late-Titled-Tuesday-Blitz-April-30-2024"]
[Site "Chess.com"]
[Date "2024.04.30"]
[Round "9"]
[White "miaou33"]
[Black "simaopdias"]
[Result "1-0"]
[WhiteElo "2539"]
[BlackElo "2349"]
[TimeControl "180+1"]
[EndTime "15:44:23 PDT"]
[Termination "miaou33 won by resignation"]

1. e4 c5 2. Nf3 g6 3. d4 cxd4 4.
Nxd4 Nc6 5. Nc3 Bg7 6. Be3 Nf6 7. Be2 O-O 8. O-O d5 9. exd5 Nxd5 10. Nxd5 Qxd5 11.
Bf3 Qd7 12. Nxc6 bxc6 13. Qxd7 Bxd7 14. Rfd1 Rfd8 15. c3 Rab8 16. Rd2 Kf8 17. Rad1 Ke8 18. Rxd7 Rxd7 19. Bxc6 Rd8 20. Rxd7 Rxd7 21. Bxa7 Kd8 22.
Bxd7 Kxd7 23. Kf1 Kc6 24. Ke2 Kb5 25. Kd3 f5 26. b3 e5 27. c4+ Kb4 28. Kc2 e4 29.
Bb8 Bd4 30. Bd6+ Ka5 31. f3 exf3 32. gxf3 g5 33. a4 h5 34. Bc7+ Kb4 35. Bd6+ Ka5 36. Bc7+ Kb4 37. a5 g4 38. fxg4 fxg4 39. a6 h4 40. c5 Bxc5 41. Bd6 Kb5 42. Bxc5 Kxa6 43. Bf2 g3 44. hxg3 hxg3 45. Bxg3 Kb5 46. Kc3 Kc6 47.
b4 Kb6 48. Kc4 Kc6 49. b5+ Kb6 50. Kb4 Kb7 51. Kc5 Kc8 52. Kc6 1-0

[Event "Late-Titled-Tuesday-Blitz-April-30-2024"]
[Site "Chess.com"]
[Date "2024.04.30"]
[Round "9"]
[White "Mischuk_D"]
[Black "ChristopherYoo"]
[Result "1/2-1/2"]
[WhiteElo "2838"]
[BlackElo "3027"]
[TimeControl "180+1"]
[EndTime "15:44:24 PDT"]
[Termination "Game drawn by repetition"]

1. d4 d5 2. c4 e6 3. Nf3 Nf6 4. g3 dxc4 5. Bg2 a6 6. O-O Nc6 7. Nbd2 Nxd4 8. Nxc4 Nxf3+ 9. Bxf3 Bd6 10. Qb3 O-O 11. Rd1 Qe7 12. Bg5 e5 13. Nxd6 cxd6 14.
Qb6 Rd8 15. Rac1 h6 16. Bxf6 Qxf6 17. Rc7 Be6 18. Bxb7 Rab8 19. b3 e4 20. Qd4 Qxd4 21.
Rxd4 d5 22. b4 Rd6 23. a3 Kf8 24. f3 exf3 25. exf3 Ke8 26. Rc6 Rxc6 27. Bxc6+ Ke7 28. Kf2 Kd6 29. Ba4 Rc8 30. Rd3 Bf5 31. Rd2 Rc3 32.
Be8 Ke7 33. Ba4 Rxa3 34. Rxd5 Rxa4 35. Rxf5 Rxb4 36. Rc5 Rb2+ 37. Ke3 Kd6 38. Ra5 Rb6 39. h4 Kc6 40. Kd4 Kb7 41. Rd5 Rc6 42. Rd7+ Rc7 43.
Rd6 a5 44. Ke4 Rc6 45. Rd7+ Rc7 46. Rd6 Ka7 47. h5 Kb7 48. g4 Re7+ 49. Kf5 Rc7 50. Ke4 Rc6 51. Rd7+ Rc7 52. Rd6 1/2-1/2

[Event "Late-Titled-Tuesday-Blitz-April-30-2024"]
[Site "Chess.com"]
[Date "2024.04.30"]
[Round "9"]
[White "alexrustemov"]
[Black "super_emi_26"]
[Result "0-1"]
[WhiteElo "2877"]
[BlackElo "2785"]
[TimeControl "180+1"]
[EndTime "15:44:24 PDT"]
[Termination "super_emi_26 won by checkmate"]

1. d4 g6 2. c4 Bg7 3. Nf3 d6 4. g3 Nf6 5. Bg2 O-O 6. Nc3 c6 7. O-O Bf5 8. Ne1 e5 9. d5 c5 10. e4 Bd7 11. Nd3 Nh5 12. g4 Nf6 13. h3 Na6 14. Bg5 h6 15. Be3 Nc7 16. a4 a6 17.
a5 Rb8 18. Qd2 Kh7 19. f4 exf4 20. Bxf4 Nce8 21. e5 dxe5 22. Bxe5 Rc8 23. Qf2 b6 24.
axb6 Qxb6 25. b4 Bxg4 26. bxc5 Qb3 27. Qd4 Bf5 28. Nf4 Rxc5 29. Qxc5 Nd7 30. Qa3 Qxa3 31.
Rxa3 Bxe5 32. Nfe2 Nd6 33. Rxa6 Nxc4 34. Rc6 Ne3 35. Rf3 Nxg2 36. Kxg2 Nf6 37. Ng3 Bxg3 38. Kxg3 Kg7 39. Re3 Rd8 40. Rc5 g5 41. Kf2 Nh5 42. h4 gxh4 43. Re5 Nf4 44. Kf3 Nd3 45. Rxf5 Nxc5 46. Kg4 Ra8 47. Kxh4 Ra3 48. Rf3 Ne4 49. d6 Nxd6 50. Rg3+ Kh7 51. Nd5 Nf5+ 52. Kg4 Nxg3 53.
Nf6+ Kg6 54. Nd5 h5+ 55. Kh4 Nf5# 0-1

[Event "Late-Titled-Tuesday-Blitz-April-30-2024"]
[Site "Chess.com"]
[Date "2024.04.30"]
[Round "9"]
[White "grandmastergauri"]
[Black "WindWhistler11"]
[Result "1-0"]
[WhiteElo "2738"]
[BlackElo "2570"]
[TimeControl "180+1"]
[EndTime "15:44:24 PDT"]
[Termination "grandmastergauri won by checkmate"]

1. d4 Nf6 2. Nf3 e6 3. c4 c5 4. e3 b6 5. Nc3 cxd4 6. exd4 Bb4 7. Bd3 Bb7 8. O-O O-O 9. a3 Be7 10. Re1 d6 11. b4 Nbd7 12. Bb2 Re8 13. h3 Nf8 14.
Ng5 Ng6 15. Rc1 Rc8 16. Bf1 h6 17. Nf3 Nh7 18. Ne4 f5 19. Ned2 Bf6 20. Qb3 Ng5 21. Rcd1 Ne4 22. Bd3 d5 23. c5 Nf4 24. Bf1 Re7 25. g3 Ng6 26. Bg2 Qf8 27. a4 f4 28.
g4 a5 29. cxb6 axb4 30. Qxb4 Qe8 31. Ne5 Bxe5 32. dxe5 f3 33. Nxf3 Rf7 34. Bd4 Nf4 35. Kh2 Rc4 36. Qb2 Nxg2 37. Kxg2 h5 38. Rd3 Rf4 39.
g5 Qg6 40. h4 Qf5 41. Rg1 Qg4+ 42. Kf1 Qh3+ 43. Ke2 Ba6 44. b7 Kh7 45. b8=Q Rc2+ 46. Qxc2 Nxf2 47. g6+ Kh6 48. Qh8# 1-0

[Event "Late-Titled-Tuesday-Blitz-April-30-2024"]
[Site "Chess.com"]
[Date "2024.04.30"]
[Round "9"]
[White "Hudijegszid"]
[Black "albi1999"]
[Result "0-1"]
[WhiteElo "2478"]
[BlackElo "2659"]
[TimeControl "180+1"]
[EndTime "15:44:25 PDT"]
[Termination "albi1999 won by resignation"]

1. Nf3 Nf6 2. g3 g6 3. b3 Bg7 4. Bb2 d6 5. d4 a5 6. Bg2 a4 7.
O-O O-O 8. c4 Nbd7 9. d5 e5 10.
dxe6 fxe6 11. b4 Nb6 12. Nfd2 e5 13. a3 c6 14. Nc3 Be6 15. c5 dxc5 16. bxc5 Nbd7 17.
Nde4 Nxe4 18. Nxe4 Bd5 19. Bc3 Bxe4 20. Bxe4 Nxc5 21. Bg2 Qxd1 22. Raxd1 Rfd8 23. Bb4 Nb3 24. Bh3 Kf7 25. f4 e4 26. f5 Bd4+ 27. Kg2 g5 28. Bg4 Kf6 29. Rfe1 c5 30. Bd2 e3 31. Bc1 b5 32.
Kf3 b4 33. Bxe3 bxa3 34. Bxd4+ Nxd4+ 35. Kf2 Nc2 36. Rf1 Rxd1 37. Rxd1 a2 38. Rd6+ Ke7 39.
Re6+ Kf8 40. f6 a1=Q 41. e4 Qd4+ 42. Kg2 Ne3+ 43. Kh3 Nxg4 44. Kxg4 Qd7 45. Kf5 Kf7 0-1

[Event "Late-Titled-Tuesday-Blitz-April-30-2024"]
[Site "Chess.com"]
[Date "2024.04.30"]
[Round "9"]
[White "zverr1"]
[Black "KebabJangles"]
[Result "1/2-1/2"]
[WhiteElo "2471"]
[BlackElo "2335"]
[TimeControl "180+1"]
[EndTime "15:44:25 PDT"]
[Termination "Game drawn by stalemate"]

1. d4 Nf6 2. c4 g6 3. Nc3 Bg7 4. e4 d6 5. Nge2 O-O 6. Ng3 h5 7. h4 Nc6 8. d5 Ne5 9. Be2 c6 10. Be3 cxd5 11. cxd5 a6 12. Rc1 b5 13. O-O Bd7 14.
f3 Rc8 15. b3 Qa5 16. Qd2 Rfd8 17. Nb1 Qxd2 18. Bxd2 e6 19. dxe6 Bxe6 20. Ba5 Re8 21. Nc3 Nc6 22. Bb6 d5 23. Bd3 d4 24.
Nce2 Nd7 25. Bc5 Nce5 26. Bxd4 Nxd3 27. Rxc8 Rxc8 28. Rd1 N3c5 29. Bxg7 Kxg7 30. f4 Bg4 31. e5 Nf8 32. Rd6 Nfe6 33. Nd4 Nxd4 34. Rxd4 Ne6 35. Rb4 Rc1+ 36. Kh2 Rc2 37. a4 bxa4 38. Rxa4 Bf3 39. f5 Rxg2+ 40. Kh3 g5 41. Nxh5+ Kh6 42. fxe6 g4+ 43.
Rxg4 Bxg4+ 44. Kxg2 Bxh5 45. e7 f5 46. exf6 Be8 47.
Kf3 Kg6 48. h5+ Kxh5 49. Kf4 Kg6 50. Ke5 Kf7 51. b4 Bb5 52. Kf5 Bd7+ 53. Ke5 Bb5 54. Ke4 Kxf6 55. Kd4 Kxe7 56. Kc3 Ke6 57. Kb3 Kd5 58. Kc3 Ke4 59. Kd2 Kd4 60. Kc2 Kc4 61.
Kb2 Kxb4 62. Ka1 Kb3 63. Kb1 a5 64. Ka1 a4 65. Kb1 a3 66. Ka1 Ba4 67. Kb1 a2+ 68.
Ka1 Ka3 1/2-1/2

[Event "Late-Titled-Tuesday-Blitz-April-30-2024"]
[Site "Chess.com"]
[Date "2024.04.30"]
[Round "9"]
[White "Statham_01"]
[Black "GMKrikor"]
[Result "1-0"]
[WhiteElo "2646"]
[BlackElo "2881"]
[TimeControl "180+1"]
[EndTime "15:44:26 PDT"]
[Termination "Statham_01 won on time"]

1. e4 c5 2. a3 g6 3. Nf3 Bg7 4. c3 Nf6 5. e5 Nd5 6. d4 cxd4 7. Qxd4 Nc7 8. Qh4 Nc6 9. Bh6 Bxh6 10. Qxh6 Ne6 11.
Nbd2 Qc7 12. Qe3 O-O 13. O-O-O d6 14. h4 Nxe5 15. Nxe5 dxe5 16. h5 g5 17. Nf3 f6 18.
Bd3 Nf4 19. Bc2 Rf7 20. g3 Ne6 21. Nh2 Bd7 22. Ng4 Kh8 23. Nh6 Rg7 24. Nf5 Rf7 25. Nh6 Rg7 26. Nf5 Rf7 27. Rd2 Bc6 28. Rhd1 Nf8 29.
Nh6 Rg7 30. Nf5 Rf7 31. Bb3 e6 32. Nd6 Rd7 33. h6 a5 34. Ba2 Kg8 35. f4 Rad8 36. fxe5 Bd5 37. Rxd5 exd5 38. Rxd5 Kh8 39. Rc5 Qb6 40.
Qd4 Rxd6 41. exd6 1-0

[Event "Late-Titled-Tuesday-Blitz-April-30-2024"]
[Site "Chess.com"]
[Date "2024.04.30"]
[Round "9"]
[White "kylelancman"]
[Black "slidingknight2775"]
[Result "0-1"]
[WhiteElo "2505"]
[BlackElo "2633"]
[TimeControl "180+1"]
[EndTime "15:44:26 PDT"]
[Termination "slidingknight2775 won by checkmate"]

1. e4 c5 2. Nf3 d6 3. Bb5+ Bd7 4. Bxd7+ Nxd7 5. O-O Ngf6 6. Qe2 e6 7. b3 Be7 8.
Bb2 O-O 9. c4 a6 10. d4 cxd4 11.
Nxd4 Rc8 12. Nc3 Qc7 13. Rac1 Qb8 14. Rfd1 Rfe8 15. Kh1 Bf8 16. f4 Rc5 17. Ba3 Rcc8 18. Nf3 b5 19. cxb5 axb5 20. Nxb5 Rxc1 21. Rxc1 Nxe4 22.
Nc7 Rc8 23. Nxe6 Rxc1+ 24. Bxc1 Ndf6 25. Nxf8 Qxf8 26. Bb2 Qc8 27. g3 h6 28. Kg2 Qa8 29. a4 Nd7 30. Qd3 Ndc5 31. Qd4 f6 32. a5 Qb7 33. b4 Ne6 34. Qc4 d5 35. a6 Qa8 36. Qb5 Kh7 37. Qb7 Qe8 38. a7 Nxf4+ 39.
gxf4 Nd6 40. a8=Q Qg6+ 41. Kf2 Qc2+ 42. Kg3 Nf5+ 43. Kh3 Qe2 44. Qxd5 Qf1+ 45. Kg4 Ne3+ 46. Kg3 Qg2+ 47. Kh4 Qg4# 0-1

[Event "Late-Titled-Tuesday-Blitz-April-30-2024"]
[Site "Chess.com"]
[Date "2024.04.30"]
[Round "9"]
[White "wild3000"]
[Black "GlavkonVVS"]
[Result "0-1"]
[WhiteElo "2491"]
[BlackElo "2687"]
[TimeControl "180+1"]
[EndTime "15:44:26 PDT"]
[Termination "GlavkonVVS won on time"]

1. d4 Nf6 2. Nf3 c5 3. e3 g6 4. Be2 Bg7 5. O-O O-O 6. c3 b6 7. a4 d6 8. Nbd2 a6 9. Re1 Bb7 10. Bf1 Nbd7 11. b4 Qc7 12. Bb2 e6 13. Qb3 Rab8 14. h3 Rfd8 15. Rac1 h6 16. e4 e5 17. b5 a5 18. Rcd1 Re8 19. dxe5 dxe5 20. Bc4 Re7 21.
Bd5 Bxd5 22. exd5 Ne8 23. Nc4 Qd8 24. d6 Re6 25. Rd2 e4 26. Nh2 h5 27. Nf1 Bh6 28.
Rdd1 Ng7 29. Ng3 f5 30. f3 h4 31. Nf1 Qf6 32. fxe4 fxe4 33. Nce3 Kh7 34. Ng4 Qf5 35. Nfe3 Qg5 36. Bc1 Rbe8 37. Nxh6 Qxh6 38. Ng4 g5 39.
Qc2 Qg6 40. c4 Nf5 41. Rd5 Nd4 42. Qd2 Ne5 43. Qxg5 Nef3+ 44. gxf3 Nxf3+ 45. Kh1 Nxg5 46. Rxg5 Qf7 0-1